TOP OF THE 1ST |
Calgary Lynx batting - Pitching for Scranton Supernovas : RHP Ángel Gardener
|
Pitching: RHP Ángel Gardener
|
|
Batting: RHB Jing-sheng Joo
|
0-0: Ball 1-0: Called Strike 1-1: Ball 2-1: Foul Ball, location: 2F 2-2: Foul Ball, location: 2F 2-2: Strikes out swinging
|
Batting: RHB Dave Sosa
|
0-0: Called Strike 0-1: Swinging Strike 0-2: Ground out 5-3 (Groundball, 5L)
|
Batting: LHB Michael Ward
|
0-0: Ball 1-0: Called Strike 1-1: Foul Ball, location: 2F 1-2: Foul Ball, location: 2F 1-2: Ball 2-2: Hit by Pitch
|
Batting: LHB Daniel García
|
0-0: Swinging Strike 0-1: Ball Michael Ward steals 2nd base 1-1: Hit by Pitch
|
Batting: RHB Alberto Salas
|
0-0: Foul Ball, location: 2F 0-1: Ball 1-1: Foul Ball, location: 2F 1-2: Fly out, F8 (Flyball, 8LXD)
|
Top of the 1st over - 0 runs, 0 hits, 0 errors, 2 left on base; Calgary 0 - Scranton 0 |
BOTTOM OF THE 1ST |
Scranton Supernovas batting - Pitching for Calgary Lynx : RHP Melchor Morse
|
Pitching: RHP Melchor Morse
|
|
Batting: RHB Jesús Guzmán
|
0-0: Ball 1-0: Ball 2-0: Ball 3-0: Called Strike 3-1: Base on Balls
|
Batting: RHB Mike Pate
|
0-0: Grounds into double play, 4-6-3 (Groundball, 34)
|
Batting: LHB Chase Popoff
|
0-0: Called Strike 0-1: Foul Ball, location: 2F 0-2: Fly out, F9 (Flyball, 89M)
|
Bottom of the 1st over - 0 runs, 0 hits, 0 errors, 0 left on base; Calgary 0 - Scranton 0 |
TOP OF THE 2ND |
Calgary Lynx batting - Pitching for Scranton Supernovas : RHP Ángel Gardener
|
Batting: RHB José de la Cavallería
|
0-0: Ball 1-0: Foul Ball, location: 2F 1-1: Fly out, F7 (Line Drive, 78D)
|
Batting: RHB Júlio Vargas
|
0-0: Ball 1-0: Foul Ball, location: 2F 1-1: Ball 2-1: Called Strike 2-2: Ball 3-2: Foul Ball, location: 2F 3-2: Base on Balls
|
Batting: LHB Xuan-ling Chen
|
0-0: Called Strike 0-1: Called Strike 0-2: Foul Ball, location: 2F 0-2: Fly out, F9 (Flyball, 9S)
|
Batting: RHB Rubén Medina
|
0-0: Ball 1-0: Ball 2-0: Ground out 4-3 (Groundball, 4)
|
Top of the 2nd over - 0 runs, 0 hits, 0 errors, 1 left on base; Calgary 0 - Scranton 0 |
BOTTOM OF THE 2ND |
Scranton Supernovas batting - Pitching for Calgary Lynx : RHP Melchor Morse
|
Batting: RHB Felipe Bruno
|
0-0: SOLO HOME RUN (Flyball, 7LD), Distance : 355 ft
|
Batting: RHB José Bravo
|
0-0: Ground out 1-3 (Groundball, 15)
|
Batting: RHB José Rodríguez
|
0-0: Swinging Strike 0-1: Ball 1-1: Foul Ball, location: 2F 1-2: Foul Ball, location: 2F 1-2: Ball 2-2: Ball 3-2: Foul Ball, location: 2F 3-2: Fly out, F9 (Flyball, 9LS)
|
Batting: RHB Rodrigo Lugo
|
0-0: Fly out, F8 (Flyball, 89D)
|
Bottom of the 2nd over - 1 run, 1 hit, 0 errors, 0 left on base; Calgary 0 - Scranton 1 |
TOP OF THE 3RD |
Calgary Lynx batting - Pitching for Scranton Supernovas : RHP Ángel Gardener
|
Batting: RHB Jing-sheng Joo
|
0-0: Ball 1-0: Swinging Strike 1-1: Ball 2-1: Foul Ball, location: 2F 2-2: Strikes out looking
|
Batting: RHB Dave Sosa
|
0-0: Called Strike 0-1: Ball 1-1: Called Strike 1-2: Ball 2-2: Ball 3-2: Strikes out looking
|
Batting: LHB Michael Ward
|
0-0: TRIPLE (Flyball, 9D)
|
Batting: LHB Daniel García
|
0-0: Ball 1-0: Ground out 4-3 (Groundball, 34)
|
Top of the 3rd over - 0 runs, 1 hit, 0 errors, 1 left on base; Calgary 0 - Scranton 1 |
BOTTOM OF THE 3RD |
Scranton Supernovas batting - Pitching for Calgary Lynx : RHP Melchor Morse
|
Batting: RHB Augusto Escobar
|
0-0: Foul Ball, location: 2F 0-1: Ground out 4-3 (Groundball, 4)
|
Batting: RHB Senior Pond
|
0-0: SOLO HOME RUN (Flyball, 7LD), Distance : 356 ft
|
Batting: RHB Jesús Guzmán
|
0-0: Foul Ball, location: 2F 0-1: Foul Ball, location: 2F 0-2: Ball 1-2: Foul Ball, location: 2F 1-2: Ball 2-2: Fly out, F9 (Flyball, 89M)
|
Batting: RHB Mike Pate
|
0-0: Called Strike 0-1: Ball 1-1: Ball 2-1: Fly out, F7 (Flyball, 78S)
|
Bottom of the 3rd over - 1 run, 1 hit, 0 errors, 0 left on base; Calgary 0 - Scranton 2 |
TOP OF THE 4TH |
Calgary Lynx batting - Pitching for Scranton Supernovas : RHP Ángel Gardener
|
Batting: RHB Alberto Salas
|
0-0: Fly out, F8 (Flyball, 8LXD)
|
Batting: RHB José de la Cavallería
|
0-0: Foul Ball, location: 2F 0-1: Ground out 6-3 (Groundball, 6)
|
Batting: RHB Júlio Vargas
|
0-0: Foul Ball, location: 2F 0-1: Ball 1-1: Called Strike 1-2: Foul Ball, location: 2F 1-2: Foul Ball, location: 2F 1-2: Ball 2-2: Foul Ball, location: 2F 2-2: Ball 3-2: Foul Ball, location: 2F 3-2: Fly out, F9 (Line Drive, 9D)
|
Top of the 4th over - 0 runs, 0 hits, 0 errors, 0 left on base; Calgary 0 - Scranton 2 |
BOTTOM OF THE 4TH |
Scranton Supernovas batting - Pitching for Calgary Lynx : RHP Melchor Morse
|
Batting: LHB Chase Popoff
|
0-0: Fly out, F3 (Line Drive, 3)
|
Batting: RHB Felipe Bruno
|
0-0: Swinging Strike 0-1: Ball 1-1: Fly out, F8 (Flyball, 8RS)
|
Batting: RHB José Bravo
|
0-0: SINGLE (Groundball, 4MD)
|
Batting: RHB José Rodríguez
|
0-0: Called Strike 0-1: Swinging Strike 0-2: Ball 1-2: Fielders Choice at 2nd, U4 (Groundball, 4M)
|
Bottom of the 4th over - 0 runs, 1 hit, 0 errors, 1 left on base; Calgary 0 - Scranton 2 |
TOP OF THE 5TH |
Calgary Lynx batting - Pitching for Scranton Supernovas : RHP Ángel Gardener
|
Batting: LHB Xuan-ling Chen
|
0-0: Called Strike 0-1: Ball 1-1: Ball 2-1: Ball 3-1: Base on Balls
|
Batting: RHB Rubén Medina
|
0-0: Bunt missed! 0-1: Sac Bunt - play at first, batter OUT! 1-4 Xuan-ling Chen to second
|
Batting: RHB Jing-sheng Joo
|
0-0: Called Strike 0-1: DOUBLE (Flyball, 89D) Xuan-ling Chen scores
|
Batting: RHB Dave Sosa
|
0-0: Fly out, F7 (Line Drive, 7)
|
Batting: LHB Michael Ward
|
0-0: Ball 1-0: Foul Ball, location: 2F 1-1: Ball 2-1: SINGLE (Line Drive, 8RS) Jing-sheng Joo to third Runner from 3rd tries for Home, SAFE, no throw
|
Batting: LHB Daniel García
|
0-0: Foul Ball, location: 2F 0-1: Ball Michael Ward steals 2nd base 1-1: Foul Ball, location: 2F 1-2: Hit by Pitch
|
Batting: RHB Alberto Salas
|
0-0: Foul Ball, location: 2F Balk! Michael Ward to third Daniel García to second 0-1: Ball 1-1: Ball 2-1: Ball 3-1: Base on Balls
|
Batting: RHB José de la Cavallería
|
0-0: Called Strike 0-1: Foul Ball, location: 2F 0-2: DOUBLE (Line Drive, 7LM) Michael Ward scores Daniel García scores Alberto Salas to third Runner from 3rd tries for Home, SAFE, no throw
|
Batting: RHB Júlio Vargas
|
0-0: Called Strike 0-1: Foul Ball, location: 2F 0-2: Ball 1-2: Ball 2-2: Strikes out swinging
|
Top of the 5th over - 5 runs, 3 hits, 0 errors, 1 left on base; Calgary 5 - Scranton 2 |
BOTTOM OF THE 5TH |
Scranton Supernovas batting - Pitching for Calgary Lynx : RHP Melchor Morse
|
Batting: RHB Rodrigo Lugo
|
0-0: Called Strike 0-1: Foul Ball, location: 2F 0-2: Fly out, F9 (Flyball, 89S)
|
Batting: RHB Augusto Escobar
|
0-0: Foul Ball, location: 2F 0-1: Ball 1-1: Fly out, F8 (Flyball, 78M)
|
Batting: RHB Senior Pond
|
0-0: Called Strike 0-1: Ball 1-1: Foul Ball, location: 2F 1-2: Ball 2-2: Ground out 6-3 (Groundball, 6)
|
Bottom of the 5th over - 0 runs, 0 hits, 0 errors, 0 left on base; Calgary 5 - Scranton 2 |
TOP OF THE 6TH |
Calgary Lynx batting - Pitching for Scranton Supernovas : RHP Ángel Gardener
|
Batting: LHB Xuan-ling Chen
|
0-0: Ball 1-0: Called Strike 1-1: Fly out, F9 (Flyball, 9)
|
Batting: RHB Rubén Medina
|
0-0: Called Strike 0-1: Swinging Strike 0-2: Foul Ball, location: 2F 0-2: Ball 1-2: Foul Ball, location: 2F 1-2: Ball 2-2: Ball 3-2: Ground out 1-3 (Groundball, 15S)
|
Pitching: RHP Ramón Ocegueda
|
|
Batting: RHB Jing-sheng Joo
|
0-0: Swinging Strike 0-1: Ground out 5-3 (Groundball, 5)
|
Top of the 6th over - 0 runs, 0 hits, 0 errors, 0 left on base; Calgary 5 - Scranton 2 |
BOTTOM OF THE 6TH |
Scranton Supernovas batting - Pitching for Calgary Lynx : RHP Melchor Morse
|
Batting: RHB Jesús Guzmán
|
0-0: Called Strike 0-1: Swinging Strike 0-2: Ball 1-2: Ball 2-2: Foul Ball, location: 2F 2-2: Ball 3-2: Foul Ball, location: 2F 3-2: Foul Ball, location: 2F 3-2: Ground out U3 (Groundball, 3L)
|
Batting: RHB Mike Pate
|
0-0: Ball 1-0: Foul Ball, location: 2F 1-1: Swinging Strike 1-2: Strikes out looking
|
Batting: LHB Chase Popoff
|
0-0: Called Strike 0-1: Called Strike 0-2: Foul Ball, location: 2F 0-2: Strikes out swinging
|
Bottom of the 6th over - 0 runs, 0 hits, 0 errors, 0 left on base; Calgary 5 - Scranton 2 |
TOP OF THE 7TH |
Calgary Lynx batting - Pitching for Scranton Supernovas : RHP Ramón Ocegueda
|
Batting: RHB Dave Sosa
|
0-0: Called Strike 0-1: Ball 1-1: Swinging Strike 1-2: Strikes out looking
|
Batting: LHB Michael Ward
|
0-0: Called Strike 0-1: Ground out 4-3 (Groundball, 4)
|
Batting: LHB Daniel García
|
0-0: Called Strike 0-1: Swinging Strike 0-2: Strikes out looking
|
Top of the 7th over - 0 runs, 0 hits, 0 errors, 0 left on base; Calgary 5 - Scranton 2 |
BOTTOM OF THE 7TH |
Scranton Supernovas batting - Pitching for Calgary Lynx : RHP Melchor Morse
|
Batting: RHB Felipe Bruno
|
0-0: Ball 1-0: Called Strike 1-1: Foul Ball, location: 2F 1-2: DOUBLE (Line Drive, 78XD)
|
Batting: RHB José Bravo
|
0-0: Ball 1-0: Fly out, F9 (Flyball, 9D)
|
Batting: RHB José Rodríguez
|
0-0: Foul Ball, location: 2F 0-1: Called Strike 0-2: Ball 1-2: Foul Ball, location: 2F 1-2: Ball 2-2: Foul Ball, location: 2F 2-2: Ball 3-2: SINGLE (Groundball, 6MD) Felipe Bruno to third Runner from 3rd tries for Home, SAFE, throw made home
|
Batting: RHB Rodrigo Lugo
|
0-0: Fly out, F5 (Line Drive, 5S)
|
Batting: RHB Augusto Escobar
|
0-0: Called Strike 0-1: Ball 1-1: Ball 2-1: Ball 3-1: Base on Balls José Rodríguez to second
|
Batting: RHB Senior Pond
|
0-0: Foul Ball, location: 2F 0-1: Swinging Strike 0-2: Foul Ball, location: 2F 0-2: Ball 1-2: Fly out, F8 (Flyball, 8LM)
|
Bottom of the 7th over - 1 run, 2 hits, 0 errors, 2 left on base; Calgary 5 - Scranton 3 |
TOP OF THE 8TH |
Calgary Lynx batting - Pitching for Scranton Supernovas : RHP Ramón Ocegueda
|
Batting: RHB Alberto Salas
|
0-0: Ball 1-0: Ball 2-0: Foul Ball, location: 2F 2-1: Ball 3-1: Fly out, F9 (Line Drive, 89M)
|
Batting: RHB José de la Cavallería
|
0-0: Ball 1-0: Called Strike 1-1: Ball 2-1: Called Strike 2-2: Ball 3-2: Base on Balls
|
Batting: RHB Júlio Vargas
|
0-0: Ball 1-0: Foul Ball, location: 2F 1-1: Called Strike 1-2: Strikes out swinging
|
Batting: LHB Xuan-ling Chen
|
0-0: Ball 1-0: Ball 2-0: Ground out 1-3 (Groundball, P)
|
Top of the 8th over - 0 runs, 0 hits, 0 errors, 1 left on base; Calgary 5 - Scranton 3 |
BOTTOM OF THE 8TH |
Scranton Supernovas batting - Pitching for Calgary Lynx : RHP Melchor Morse
|
Batting: RHB Jesús Guzmán
|
0-0: Foul Ball, location: 2F 0-1: Ball 1-1: Swinging Strike 1-2: Foul Ball, location: 2F 1-2: Foul Ball, location: 2F 1-2: Fly out, F9 (Flyball, 9S)
|
Pitching: LHP Felipe Machado
|
|
Batting: RHB Mike Pate
|
0-0: Ground out 6-3 (Groundball, 56)
|
Batting: LHB Chase Popoff
|
0-0: Called Strike 0-1: Ball 1-1: Foul Ball, location: 2F 1-2: Strikes out swinging
|
Bottom of the 8th over - 0 runs, 0 hits, 0 errors, 0 left on base; Calgary 5 - Scranton 3 |
TOP OF THE 9TH |
Calgary Lynx batting - Pitching for Scranton Supernovas : RHP Ramón Ocegueda
|
Batting: RHB Rubén Medina
|
0-0: Ball 1-0: Ball 2-0: Called Strike 2-1: Ball 3-1: Foul Ball, location: 2F 3-2: Foul Ball, location: 2F 3-2: SINGLE (Groundball, 4MD)
|
Batting: RHB Jing-sheng Joo
|
0-0: Bunted foul 0-1: Bunted foul 0-2: Ball 1-2: Fly out, F8 (Flyball, 8RD)
|
Batting: RHB Dave Sosa
|
0-0: Foul Ball, location: 2F 0-1: Swinging Strike 0-2: Strikes out swinging
|
Batting: LHB Michael Ward
|
0-0: Ball 1-0: Called Strike 1-1: Foul Ball, location: 2F 1-2: Ball 2-2: Foul Ball, location: 2F 2-2: Strikes out swinging
|
Top of the 9th over - 0 runs, 1 hit, 0 errors, 1 left on base; Calgary 5 - Scranton 3 |
BOTTOM OF THE 9TH |
Scranton Supernovas batting - Pitching for Calgary Lynx : LHP Felipe Machado
|
Batting: RHB Felipe Bruno
|
0-0: Ball 1-0: Called Strike 1-1: Fly out, F2 (Popup, 23F)
|
Batting: RHB José Bravo
|
0-0: Foul Ball, location: 2F 0-1: Foul Ball, location: 2F 0-2: SINGLE (Line Drive, 9LM)
|
Batting: RHB José Rodríguez
|
0-0: Ball 1-0: Called Strike 1-1: Foul Ball, location: 2F 1-2: Ball 2-2: Foul Ball, location: 2F 2-2: Ball 3-2: Foul Ball, location: 2F 3-2: Ground out 4-3 (Groundball, 4) José Bravo to second
|
Batting: RHB Rodrigo Lugo
|
0-0: Ball 1-0: Ground out 6-3 (Groundball, 6)
|
Bottom of the 9th over - 0 runs, 1 hit, 0 errors, 1 left on base; Calgary 5 - Scranton 3 |
|